 Dungeon Crawl Stone Soup version 0.28-a0-691-gad6df49e81 (webtiles) character file.

Game seed: 5413016921356400046

74130 mordus the Bludgeoner (level 15, -14/98 HPs)
             Began as a Formicid Fighter on Oct 20, 2021.
             Was a High Priest of the Shining One.
             Demolished by a dire elephant (28 damage)
             ... on level 6 of the Lair of Beasts on Oct 21, 2021.
             The game lasted 00:41:50 (16513 turns).

mordus the Bludgeoner (Formicid Fighter)           Turns: 16513, Time: 00:41:51

Health: -14/98     AC: 17    Str: 28    XL:     15   Next: 93%
Magic:  20/20      EV: 10    Int:  7    God:    the Shining One [*****.]
Gold:   1464       SH: 13    Dex: 15    Spells: 14/14 levels left

rFire   + + .      SeeInvis +   v - +6 morningstar of Xoqa {speed, Will+}
rCold   + + .      Faith    .   c - +0 buckler
rNeg    + + +      Spirit   .   L - +2 scale mail {rC+}
rPois   +          Reflect  +   (helmet unavailable)
rElec   .          Harm     .   E - +2 cloak {rCorr}
rCorr   +          Rampage  .   (no gloves)
Will    ++...                   H - +0 pair of boots
Stlth   ..........              U - amulet "Toicer" {Reflect rN++ SH+5}
HPRegen 1.26/turn               M - ring "Pezxouhiumez" {rF+ rC+ Dex+5 Slay+4}
MPRegen 0.17/turn               j - ring of poison resistance

@: glowing
A: permanent stasis, dig shafts and tunnels, antennae 3, four strong arms, fire
resistance 1, low mp 1, regeneration 1
a: Dig, Shaft Self, Renounce Religion, Divine Shield, Cleansing Flame, Summon
Divine Warrior


You were on level 6 of the Lair of Beasts.
You worshipped the Shining One.
The Shining One was extremely pleased with you.
You visited 3 branches of the dungeon, and saw 20 of its levels.

You collected 1464 gold pieces.

Inventory:

Hand Weapons
 r - a +2 mace of protection
 v - the +6 morningstar of Xoqa (weapon) {speed, Will+}
   (You found it on level 3 of the Dungeon)

   Attacks with this weapon are significantly faster.
   Will:      It increases your willpower.
 S - a +0 dire flail
Missiles
 V - a throwing net
Armour
 c - a +0 buckler (worn)
 f - a +1 chain mail
 q - a +1 cloak
 E - a +2 cloak of preservation (worn)
 H - a +0 pair of boots (worn)
 L - a +2 scale mail of cold resistance (worn)
Jewellery
 a - an amulet of faith
 g - a +4 ring of evasion
 j - a ring of poison resistance (right hand)
 k - an amulet of regeneration
 l - a ring of protection from cold
 t - an amulet of the acrobat
 A - a +6 ring of dexterity
 M - the ring "Pezxouhiumez" (left hand) {rF+ rC+ Dex+5 Slay+4}
   (You found it on level 7 of the Dungeon)

   [ring of slaying]

   Dex:       It affects your dexterity (+5).
   Slay:      It affects your accuracy & damage with ranged weapons and melee
   (+4).
   rF:        It protects you from fire.
   rC:        It protects you from cold.
 N - the amulet "Woodiwka" {Spirit Int+7 Stlth+}
   (You found it on level 5 of the Lair of Beasts)

   [amulet of guardian spirit]

   It causes incoming damage to be divided between your reserves of health and
   magic.
   Int:       It affects your intelligence (+7).
   Stlth:     It makes you more stealthy.
 R - a ring of fire
 U - the amulet "Toicer" (around neck) {Reflect rN++ SH+5}
   (You acquired it on level 6 of the Lair of Beasts)

   [amulet of reflection]

   It reflects blocked missile attacks.
   rN:        It greatly protects you from negative energy.
   SH:        It affects your SH (+5).
Wands
 h - a wand of polymorph (26)
 m - a wand of acid (16)
 n - a wand of flame (33)
 F - a wand of digging (6)
 K - a wand of mindburst (13)
 Q - a wand of charming (9)
 Y - a wand of paralysis (10)
Scrolls
 e - 3 scrolls of fear
 p - 8 scrolls of identify
 u - 7 scrolls of magic mapping
 w - a scroll of enchant armour
 y - a scroll of summoning
 z - 2 scrolls of fog
 B - 2 scrolls of enchant weapon
 C - 5 scrolls of amnesia
 J - 2 scrolls of holy word
 Z - a scroll of silence
Potions
 d - 6 potions of might
 i - 4 potions of brilliance
 o - 4 potions of resistance
 s - 3 potions of heal wounds
 x - 5 potions of attraction
 D - 6 potions of curing
 G - 5 potions of flight
 O - 3 potions of cancellation
 P - 4 potions of lignification
 X - a potion of magic
Miscellaneous
 b - a phantom mirror
 I - a lightning rod (4/4)
 T - a piece from Xom's chessboard (15/15)
 W - a piece from Xom's chessboard (15/15)


   Skills:
 - Level 3.2 Fighting
 * Level 18.2 Maces & Flails
 + Level 14.5 Armour
 + Level 15.8 Shields
 + Level 10.0 Invocations


You had 14 spell levels left.
You didn't know any spells.
Your spell library contained the following spells:

 Spells                   Type           Power      Damage    Failure   Level
 Gell's Gravitas          Tloc           0%         N/A       94%         3
 Teleport Other           Tloc           0%         N/A       94%         3
 Tukima's Dance           Hex            0%         N/A       94%         3
 Passage of Golubria      Tloc           0%         N/A       100%        4
 Yara's Violent Unravell  Hex/Tmut       0%         3d3       100%        5
 Conjure Ball Lightning   Conj/Air       0%         3x3d6     100%        6
 Dispersal                Tloc           0%         N/A       100%        6
 Malign Gateway           Summ/Tloc      0%         N/A       100%        7
 Discord                  Hex            0%         N/A       100%        8
 Disjunction              Tloc           0%         N/A       100%        8
 Summon Horrible Things   Summ           0%         N/A       100%        8


Dungeon Overview and Level Annotations

Branches:
Dungeon (13/15)            Temple (1/1) D:7            Lair (6/6) D:11
  Swamp (0/4) Lair:3        Snake (0/4) Lair:4        Slime (0/5) Lair:6
    Orc (0/2) D:9
 Vaults: D:13-14

Altars:
Ashenzari
Cheibriados
Dithmenos
Elyvilon
Fedhas
Gozag
Hepliaklqana
Kikubaaqudgha
Makhleb
Nemelex Xobeh
Okawaru
Qazlal
Ru
Sif Muna
Trog
Uskayaw
Vehumet
Wu Jian
Xom
Yredelemnul
Zin
The Shining One

Shops:
D:2 ?   D:9 *   D:10 (

Annotations:
D:13 1 runed translucent door


Innate Abilities, Weirdness & Mutations

You cannot be hasted, slowed, berserked, paralysed or teleported.
You can dig through walls and to a lower floor.
You have a pair of large antennae on your head. (SInv)
Your four strong arms can wield two-handed weapons with a shield.
Your flesh is heat resistant. (rF+)
Your magical capacity is low. (-10% MP)
Your natural rate of healing is unusually fast.


Message History

You climb downwards.
Beware, you cannot shaft yourself on this level.
The dire elephant closely misses you.
The dire elephant trunk-slaps you but does no damage.
You block the dire elephant's attack. x2
The necromancer gestures wildly while chanting.
The necromancer binds the souls of nearby monsters.
There is a stone staircase leading up here.
The dire elephant tramples you!!
You stumble backwards!
You stop ascending the stairs.
The dire elephant tramples you!!
You stumble backwards!
The necromancer gestures wildly while chanting.
The necromancer binds the souls of nearby monsters.
The dire elephant tramples you!
You hold your ground!
The dire elephant trunk-slaps you.
You bludgeon the dire elephant!!
The dire elephant is lightly wounded.
You hit the dire elephant but do no damage.
The dire elephant is lightly wounded.
You hit the dire elephant.
The dire elephant is lightly wounded.
The dire elephant tramples you!
* * * LOW HITPOINT WARNING * * *
You stumble backwards!
You hit the dire elephant.
The dire elephant is moderately wounded.
You puncture the dire elephant!
The dire elephant is moderately wounded.
The dire elephant tramples you!
* * * LOW HITPOINT WARNING * * *
You stumble backwards!
The dire elephant's soul is no longer bound.
The necromancer casts a spell.
The necromancer binds the souls of nearby monsters.
There is a stone staircase leading up, spattered with blood here.
The dire elephant tramples you!!
* * * LOW HITPOINT WARNING * * *
You stumble backwards!
You stop ascending the stairs.
The dire elephant tramples you!!
You die...

####..P......#.....##..####.#...≈
.............#..#.###..# ###....≈
.............###.###p..###.......
............##...#...............
.................................
.................................
..................Y..............
P.+##............Y......PP.......
#...###....#....@.#.#..PP##...P##
#....###...##...###......##.#..##
##...###..##P....##.#.....#.....
#......+....................... .
##...###.................##.....#
####..#...##.....#......#.##.. #
## ###....###.#P.##P...### .##
##....#......PP...P.###
#.######............>........


You could see 2 dire elephants and a necromancer.

Vanquished Creatures
  4 dire elephants (Lair:6)
  Josephine (Lair:5)
  3 boulder beetles
  A catoblepas (Lair:5)
  8 hydras
  A tengu warrior (D:12)
  5 two-headed ogres
  11 death yaks
  Urug (Lair:1)
  A hell knight (D:12)
  A spectral anaconda (Lair:6)
  2 spectral death yaks (Lair:6)
  A lindwurm (Lair:5)
  An obsidian statue (Lair:6)
  3 necromancers
  A deep elf pyromancer (D:13)
  3 manticores
  An ugly thing (D:12)
  A moth of wrath (D:8)
  2 cyclopes
  10 black mambas
  Joseph (D:10)
  13 elephants (Lair:6)
  16 cane toads
  A dire elephant skeleton (Lair:6)
  3 gargoyles
  A torpor snail (Lair:5)
  4 rime drakes
  A tengu conjurer (D:12)
  14 komodo dragons
  4 trolls
  A demonic crawler (Lair:6)
  8 slime creatures (D:12)
  9 blink frogs
  A dream sheep (Lair:5)
  11 wyverns
  A shadow (D:7)
  2 vampires
  7 wraiths
  51 yaks
  Eustachio (D:5)
  4 basilisks
  4 fire bats (Lair:3)
  7 vampire mosquitoes
  A death yak simulacrum (Lair:6)
  Menkaure (D:4)
  2 swamp worms (Lair:6)
  20 water moccasins
  A spectral cane toad (Lair:6)
  3 hell hounds
  3 acid dragons
  A swamp drake (D:11)
  5 black bears
  3 elephant zombies (Lair:6)
  An ice beast (D:7)
  A sky beast (D:7)
  2 ogres
  A centaur (D:7)
  11 wolves
  An elephant skeleton (Lair:6)
  2 phantoms (D:7)
  3 kobold brigands
  15 bullfrogs
  A wyvern zombie (D:7)
  3 scorpions
  A cane toad simulacrum (Lair:6)
  3 water moccasin skeletons
  9 killer bees
  5 howler monkeys
  2 bullfrog zombies
  7 centaur zombies
  5 orc priests
  3 hounds
  A centaur skeleton (D:7)
  3 jellies
  Crazy Yiuf (D:4)
  5 iguanas
  14 orc wizards
  A scorpion zombie (D:5)
  A killer bee zombie (D:8)
  A hound zombie (D:5)
  A hound skeleton (D:5)
  A howler monkey zombie (D:7)
  7 gnolls
  8 adders
  7 river rats (D:10)
  2 shadow imps
  3 white imps
  An ufetubus (D:6)
  An adder skeleton (D:4)
  4 dart slugs
  5 worms
  28 orcs
  10 ball pythons
  10 endoplasms
  3 giant cockroaches
  10 goblins
  6 hobgoblins
  10 jackals
  17 kobolds
  5 quokkas
  11 bats
  4 frilled lizards
  22 rats
546 creatures vanquished.

Vanquished Creatures (others)
  12 fungi
  29 plants
  19 withered plants (Lair:6)
60 creatures vanquished.

Grand Total: 606 creatures vanquished

Notes
Turn   | Place    | Note
-------+----------+-------------------------------------------
     0 | D:1      | mordus the Formicid Fighter began the quest for the Orb.
     0 | D:1      | Reached XP level 1. HP: 18/18 MP: 1/1
    90 | D:1      | Reached XP level 2. HP: 24/24 MP: 2/2
   169 | D:1      | Found a faded altar of an unknown god.
   315 | D:1      | Reached XP level 3. HP: 29/29 MP: 3/3
   557 | D:1      | Reached skill level 3 in Maces & Flails
  1234 | D:2      | Reached XP level 4. HP: 35/35 MP: 4/4
  1367 | D:2      | Found Ynkua's Magic Scroll Emporium.
  2007 | D:3      | Reached XP level 5. HP: 24/41 MP: 5/5
  2152 | D:3      | Found a burning altar of Makhleb.
  2181 | D:3      | Found a sparkling altar of Nemelex Xobeh.
  2218 | D:3      | Reached skill level 4 in Maces & Flails
  2239 | D:3      | Reached XP level 6. HP: 47/47 MP: 6/6
  2375 | D:3      | Reached skill level 5 in Shields
  2507 | D:3      | Found a white marble altar of Elyvilon.
  2512 | D:3      | Found a snail-covered altar of Cheibriados.
  2779 | D:3      | Identified the +6 morningstar of Xoqa {speed, Will+}
  2881 | D:4      | Found a hide-covered altar of Uskayaw.
  2895 | D:4      | Reached skill level 5 in Maces & Flails
  2941 | D:4      | Noticed Menkaure
  2948 | D:4      | Killed Menkaure
  2949 | D:4      | Reached skill level 5 in Armour
  2949 | D:4      | Reached XP level 7. HP: 17/52 MP: 7/7
  3096 | D:4      | Found an ancient bone altar of Kikubaaqudgha.
  3261 | D:4      | Found a runed translucent door.
  3262 | D:4      | Noticed Crazy Yiuf
  3384 | D:4      | Killed Crazy Yiuf
  3418 | D:5      | Entered Level 5 of the Dungeon
  3435 | D:5      | Noticed Eustachio
  3458 | D:4      | Reached skill level 6 in Maces & Flails
  3594 | D:5      | Reached XP level 8. HP: 53/58 MP: 8/8
  3602 | D:5      | Killed Eustachio
  3711 | D:5      | Found a shadowy altar of Dithmenos.
  3836 | D:5      | Reached skill level 7 in Maces & Flails
  4329 | D:6      | Noticed a two-headed ogre
  4331 | D:6      | Gained mutation: Your natural rate of healing is unusually
                  | fast. [potion of mutation]
  4331 | D:6      | Gained mutation: Your magical capacity is low. (-10% MP)
                  | [potion of mutation]
  4331 | D:6      | Gained mutation: Your flesh is heat resistant. (rF+)
                  | [potion of mutation]
  4360 | D:6      | Killed a two-headed ogre
  4361 | D:6      | Reached skill level 8 in Maces & Flails
  4361 | D:6      | Reached XP level 9. HP: 45/64 MP: 8/8
  4791 | D:6      | Found an iron altar of Okawaru.
  5184 | D:7      | Reached skill level 9 in Maces & Flails
  5497 | D:7      | Reached XP level 10. HP: 70/70 MP: 9/9
  5509 | D:7      | Noticed a gargoyle
  5523 | D:7      | Killed a gargoyle
  5567 | D:7      | Reached skill level 10 in Maces & Flails
  5591 | D:7      | You fall into a shaft and drop 2 floors!
  5591 | D:9      | Found a shimmering blue altar of Sif Muna.
  5835 | D:9      | Found a sacrificial altar of Ru.
  5934 | D:8      | Found an opulent altar of Gozag.
  6079 | D:8      | Reached skill level 11 in Maces & Flails
  6361 | D:7      | Noticed a two-headed ogre
  6366 | D:7      | Killed a two-headed ogre
  6367 | D:7      | Reached skill level 10 in Shields
  6367 | D:7      | Reached XP level 11. HP: 50/75 MP: 9/9
  6417 | D:7      | Identified the ring "Pezxouhiumez" {rF+ rC+ Dex+5 Slay+4}
  6563 | D:7      | Found a staircase to the Ecumenical Temple.
  6793 | D:8      | Noticed a moth of wrath
  6796 | D:8      | Found a bloodstained altar of Trog.
  6817 | D:8      | Killed a moth of wrath
  6818 | D:8      | Reached skill level 12 in Maces & Flails
  6947 | Temple   | Entered the Ecumenical Temple
  7270 | D:9      | Noticed a two-headed ogre
  7306 | D:9      | Killed a two-headed ogre
  7307 | D:9      | Reached skill level 10 in Armour
  7329 | D:9      | Found Huluomn's Serpentskin Sales.
  7388 | D:9      | Found a glowing golden altar of the Shining One.
  7406 | D:9      | Became a worshipper of the Shining One
  7447 | D:9      | Found a staircase to the Orcish Mines.
  7994 | D:10     | Entered Level 10 of the Dungeon
  7994 | D:10     | Noticed a two-headed ogre
  8002 | D:10     | Killed a two-headed ogre
  8013 | D:10     | Noticed Joseph
  8025 | D:10     | Killed Joseph
  8311 | D:10     | Found Baxzug's Weapon Boutique.
  8521 | D:11     | Reached skill level 13 in Maces & Flails
  8529 | D:11     | Reached XP level 12. HP: 72/81 MP: 10/10
  8920 | D:11     | Reached * piety under the Shining One
  8996 | D:11     | Found a staircase to the Lair.
  9456 | D:11     | Found the +3 pair of seven-league boots {Rampage+∞}
  9666 | D:12     | Noticed a two-headed ogre
  9673 | D:12     | Killed a two-headed ogre
  9908 | D:12     | Reached skill level 14 in Maces & Flails
  9981 | D:12     | Noticed a boulder beetle
  9999 | D:12     | Killed a boulder beetle
 10032 | D:12     | Noticed a boulder beetle
 10042 | D:12     | Killed a boulder beetle
 10186 | D:12     | Noticed a tengu warrior
 10204 | D:12     | Killed a tengu warrior
 10205 | D:12     | Reached skill level 1 in Invocations
 10493 | D:13     | Reached XP level 13. HP: 86/86 MP: 13/13
 10494 | D:13     | Reached ** piety under the Shining One
 10560 | D:13     | Found a runed translucent gate.
 10840 | Lair:1   | Entered Level 1 of the Lair of Beasts
 10896 | Lair:1   | Reached skill level 15 in Maces & Flails
 10927 | Lair:1   | Reached *** piety under the Shining One
 10991 | Lair:1   | Noticed Urug
 11003 | Lair:1   | Noticed a seven-headed hydra
 11026 | Lair:1   | Killed Urug
 11047 | Lair:1   | Killed a seven-headed hydra
 11132 | Lair:1   | You fall into a shaft and drop 1 floor!
 11200 | Lair:2   | You fall into a shaft and drop 1 floor!
 11204 | Lair:3   | Reached skill level 5 in Invocations
 12498 | Lair:3   | Reached XP level 14. HP: 93/93 MP: 16/16
 12514 | Lair:3   | Found a staircase to the Swamp.
 12897 | Lair:3   | Reached skill level 16 in Maces & Flails
 13187 | Lair:4   | Found a staircase to the Snake Pit.
 13326 | Lair:4   | Reached **** piety under the Shining One
 14060 | Lair:5   | Noticed Josephine
 14070 | Lair:5   | Killed Josephine
 14830 | Lair:5   | Reached skill level 17 in Maces & Flails
 14918 | Lair:5   | Reached XP level 15. HP: 97/98 MP: 19/19
 14948 | Lair:5   | Reached skill level 15 in Shields
 14953 | Lair:5   | Identified the amulet "Woodiwka" {Spirit Int+7 Stlth+}
 15002 | Lair:5   | Reached ***** piety under the Shining One
 15212 | Lair:6   | Entered Level 6 of the Lair of Beasts
 15337 | Lair:6   | Found a staircase to the Slime Pits.
 16039 | Lair:6   | Reached skill level 18 in Maces & Flails
 16146 | Lair:6   | Identified 2 scrolls of acquirement
 16146 | Lair:6   | Acquired the amulet "Toicer" {Reflect rN++ SH+5}
 16158 | Lair:6   | Acquired a +2 cloak of preservation
 16309 | Lair:6   | Identified the amulet "Moang" {+Inv rPois Regen+}
 16338 | Lair:6   | Reached skill level 10 in Invocations
 16513 | Lair:6   | Demolished by a dire elephant

Illustrated notes

Levels and vault maps discovered:
D:1:      evilmike_arrival_plus, layout_rooms, shapermc_ecumenical_altar_ellora,
          hex_medium
D:2:      layout_rooms, serial_shops, shop_fountains, minmay_quadrilaterals
D:3:      layout_basic, mainiacjoe_overflow_big_doors,
          mainiacjoe_overflow_catwalk_spiral, kennysheep_small_spiral,
          minmay_ruptured
D:4:      layout_cave_pools, lemuel_crystal_altar,
          nicolae_uskayaw_murder_on_the_dancefloor, dk_noncrumbling_3,
          uniq_crazy_yiuf_cottage, uniq_menkaure
D:5:      minmay_inner_zag, layout_basic, mainiacjoe_overflow_paths,
          chequers_serial_rivers_small_3, uniq_eustachio
D:6:      layout_loops_corners, mainiacjoe_overflow_alcove_1,
          minmay_misc_feat_alley, kennysheep_big_empty_room
D:7:      minmay_the_grid_octo_triangle [minmay_the_grid_octo_chip,
          minmay_the_grid_octo_prize_single_spiral,
          minmay_the_grid_octo_thin_diamonds], layout_basic,
          minmay_temple_entry_enclosed_plants, grunt_decor_mini_mirrors
D:8:      layout_basic, tgw_trog, nicolae_gozag_seed_capital
D:9:      layout_basic, nicolae_ru_sacrificial_ziggurat,
          nicolae_overflow_crystal_walls, led_sif_book, orc_0_dummy,
          guppyfry_shop_venom
D:10:     layout_roguey, serial_shops, nicolae_shop_waterfront,
          dk_rats_in_the_wall, uniq_joseph
D:11:     layout_stronghold, erik_lair_dragon
D:12:     layout_irregular_city, serial_column_ruins, column_ruins_open_large,
          column_ruins_columns_straight, column_ruins_open_small,
          column_ruins_grid_1, column_ruins_columns_water, column_ruins_grid_1,
          chequers_serial_rivers_small_a
D:13:     layout_rooms, gammafunk_ghost_necromancy, minmay_rotating_lava
Temple:   kb_temple_of_zot
Lair:1:   layout_chaotic_city, beast_lair_carwin_2, grunt_megastairs_1,
          uniq_urug
Lair:2:   layout_gridlike, grunt_megastairs_3, infiniplex_staircase_pool_2
Lair:3:   layout_gridlike, swamp_mist_pool, hangedman_tree_tricks,
          grunt_megastairs_4
Lair:4:   layout_gridlike, minmay_snake_entry_six_corridors,
          serial_bayou_shore_b
Lair:5:   nzn_winding_woodlands_large [nzn_winding_woodlands_5x5_three,
          nzn_winding_woodlands_5x15_river_crossing,
          nzn_winding_woodlands_5x5_perimeter,
          nzn_winding_woodlands_center_garden,
          nzn_winding_woodlands_15x15_killbox,
          nzn_winding_woodlands_center_lodge,
          nzn_winding_woodlands_5x5_checkerboard,
          nzn_winding_woodlands_5x15_crooked, nzn_winding_woodlands_5x5_cross],
          layout_regular_city, uniq_josephine
Lair:6:   due_jungle_book, layout_regular_city, slime_dummy, worms_lemuel

Skill      XL: |  1  2  3  4  5  6  7  8  9 10 11 12 13 14 15 |
---------------+----------------------------------------------+-----
Shields        | 4 5 6 7 8 10 11 12 13 14 15 | 15.8
Maces & Flails | 3 4 5 6 8 9 11 13 14 15 17 18 | 18.2
Armour         | 4 5 7 9 10 11 12 13 14 | 14.5
Invocations    | 2 5 8 10 | 10.0
Fighting       | |  3.2

Action                   |  1- 3 |  4- 6 |  7- 9 | 10-12 | 13-15 || total
-------------------------+-------+-------+-------+-------+-------++-------
Melee: Flail             |   120 |   204 |       |       |       ||   324
       Morningstar       |       |    36 |   232 |   506 |  1035 ||  1809
 Abil: Dig               |       |     4 |       |     6 |     3 ||    13
  Use: Scroll            |       |     9 |     1 |       |    13 ||    23
       Potion            |       |       |     2 |       |     4 ||     6
Armor: Scale mail        |     8 |       |       |    99 |   287 ||   394
       Chain mail        |    78 |   145 |    98 |    48 |       ||   369
Dodge: Dodged            |    51 |    96 |    67 |   131 |   246 ||   591
Block: Buckler           |    31 |    46 |    51 |   114 |   241 ||   483

Table legend: (Time is in decaauts)
 A = Elapsed time spent in this place.
 B = Non-inter-level travel time spent in this place.
 C = Inter-level travel time spent in this place.
 D = Time resting spent in this place.
 E = Time spent auto-exploring this place.
 F = Levels seen in this place.
 G = Mean time per level.
                   A        B        C        D        E       F      G
               +--------+--------+--------+--------+--------+-----+--------+
         Total |  15826 |  15030 |    796 |    448 |  10272 |  20 |  791.3 |
       Dungeon |  10538 |   9860 |    678 |    328 |   7006 |  13 |  810.6 |
        Temple |     97 |     97 |      0 |      0 |     83 |   1 |   97.0 |
          Lair |   5191 |   5074 |    117 |    120 |   3183 |   6 |  865.2 |
               +--------+--------+--------+--------+--------+-----+--------+

Top non-repeatable levels by time:
     D:3: 1258 daAuts
    D:11: 1201 daAuts
  Lair:6: 1093 daAuts
  Lair:5: 1091 daAuts
     D:9: 1073 daAuts
     D:1: 1005 daAuts
     D:7: 963 daAuts
     D:6: 893 daAuts
  Lair:1: 862 daAuts
    D:12: 836 daAuts
  Lair:4: 821 daAuts
  Lair:3: 737 daAuts
     D:4: 711 daAuts
     D:5: 680 daAuts
     D:2: 634 daAuts
